 Dungeon Crawl Stone Soup version 0.24.0-125-gc4c63601f3 (webtiles) character file.

Game seed: 2130638932230184449, levelgen mode: deterministic

2544 Curus the Basher (level 9, -15/51 HPs)
             Began as a Gargoyle Fighter on Mar 22, 2020.
             Was a Believer of Trog.
             Demolished by an orc warlord
             ... wielding a +0 long sword
              (29 damage)
             ... in a bailey.
             The game lasted 00:25:42 (4974 turns).

Curus the Basher (Gargoyle Fighter)                 Turns: 4974, Time: 00:25:43

Health: -15/51     AC: 22    Str: 26    XL:     9   Next: 55%
Magic:  0/9        EV:  4    Int: 10    God:    Trog [**....]
Gold:   258        SH: 10    Dex: 16    Spells: 8/8 levels left

rFire    . . .     SeeInvis .   n - +2 flail (protect)
rCold    . . .     Gourm    .   c - +0 shield
rNeg     + . .     Faith    .   t - +1 plate armour
rPois    ∞         Spirit   +   i - +0 helmet
rElec    +         Reflect  .   (no cloak)
rCorr    .         Harm     .   j - +0 pair of gloves
MR       +++..     Rnd*Tele +   p - +0 pair of boots
Stlth    ..........             e - amulet of guardian spirit
HPRegen  1.17/turn              g - +4 ring of dexterity
MPRegen  0.11/turn              h - ring of protection from magic

@: mighty, berserk cooldown, regenerating, slowed, very slow
A: clever 1, negative energy resistance 1, electricity resistance, teleportitis
1, unbreathing, petrification resistance, rot immunity, AC +6
a: Berserk, Trog's Hand, Renounce Religion


You were in a bailey.
You worshipped Trog.
Trog was pleased with you.
You were very hungry.

You visited 2 branches of the dungeon, and saw 8 of its levels.
You also visited: Bailey.

You collected 258 gold pieces.

Inventory:

Hand Weapons
 a - a +0 flail
 n - a +2 flail of protection (weapon)
Armour
 b - a +0 scale mail
 c - a +0 shield (worn)
 i - a +0 helmet (worn)
 j - a +0 pair of gloves (worn)
 o - +0 fire dragon scales
 p - a +0 pair of boots (worn)
 q - a +0 chain mail
 t - a +1 plate armour (worn)
Jewellery
 e - an amulet of guardian spirit (around neck)
 g - a +4 ring of dexterity (left hand)
 h - a ring of protection from magic (right hand)
 u - an uncursed ring of protection from magic
Wands
 m - a wand of enslavement (5)
Scrolls
 r - 4 scrolls of identify
Potions
 d - 4 potions of might
 k - 5 potions of curing
 l - 2 potions of heal wounds
Comestibles
 f - 9 rations
 s - 6 chunks of flesh


   Skills:
 - Level 3.2 Fighting
 + Level 12.4 Maces & Flails
 - Level 3.2 Armour
 - Level 3.2 Shields


You had 8 spell levels left.
You didn't know any spells.
Your spell library was empty.

Dungeon Overview and Level Annotations

Branches:
Dungeon (7/15)             Temple (1/1) D:5          Bailey (1/1)

Altars:
Dithmenos
Elyvilon
Fedhas
Gozag
Qazlal
Ru
Sif Muna
Trog
Uskayaw
Vehumet
Xom
Yredelemnul

Shops:
D:6 *


Innate Abilities, Weirdness & Mutations

You are resistant to torment.
Your stone body is resilient. (AC +6)
You are immune to poison.
You resist negative energy. (rN+)
You are resistant to electric shocks. (rElec)
You can survive without breathing.
You are immune to petrification.
You are immune to rotting.
Your mind is acute. (Int +2)
You are occasionally teleported next to monsters.


Message History

The orc warlord goes into a battle-frenzy!
You block the orc warlord's attack. The orc warlord blocks your attack.
The orc warlord is lightly wounded.
You block the orc warlord's attack. The orc warlord blocks your attack.
The orc warlord is lightly wounded.
The orc warlord hits you with a +0 long sword!
* * * LOW HITPOINT WARNING * * *
The orc warlord blocks your attack.
The orc warlord is lightly wounded.
The orc knight no longer looks unusually strong.
The orc warlord roars a battlecry!
The orc knight goes into a battle-frenzy!
Your skin crawls.
You feel resistant to hostile enchantments.
You feel somewhat more hungry.
The orc warlord hits you with a +0 long sword!!
Ouch! That really hurt!
You die...

.........#...........#
.........#...........#
).......###........)###
#.....###.###.....#)#.###
###.###
...###.###.....### ..###
.... ###.........## ...#
..... #8..........# ...#
.....o#8..........# ...#
.....oo@....⌠....∩# ...#
.....o#8..........# ...#
..... #8..........# ..###
.... ###.........##
###.###
...###.###.....###
#.....###.###.....#'#.###
........###.......))###
.........#...........#
.........#...........#


You could see an orc warlord, an orc knight and 2 orcs.

Vanquished Creatures
  An orc knight (Bailey)
  11 orc warriors
  A phantom (D:7)
  An ogre (D:5)
  2 howler monkeys
  2 bullfrog zombies (D:6)
  2 crimson imps
  A centaur skeleton (D:4)
  A hound (D:4)
  2 jellies
  An orc wizard (D:7)
  An orc priest (D:4)
  2 iguanas
  4 worker ants
  A hound skeleton (D:4)
  11 gnolls (Bailey)
  6 adders
  A shadow imp (D:5)
  2 oozes
  3 worms
  4 dart slugs
  2 leopard geckos
  35 orcs
  A giant cockroach (D:4)
  23 goblins
  19 hobgoblins
  8 jackals (D:1)
  3 quokkas
  2 ball pythons
  9 bats
  6 frilled lizards
  A jackal skeleton (D:4)
  8 kobolds
  10 rats
187 creatures vanquished.

Notes
Turn   | Place    | Note
-------+----------+-------------------------------------------
     0 | D:1      | Curus the Gargoyle Fighter began the quest for the Orb.
     0 | D:1      | Reached XP level 1. HP: 14/14 MP: 1/1
    66 | D:1      | Reached XP level 2. HP: 8/19 MP: 2/2
   333 | D:1      | Reached skill level 3 in Maces & Flails
   503 | D:1      | Reached XP level 3. HP: 23/23 MP: 3/3
   801 | D:2      | Gained mutation: You are occasionally teleported next to
                  | monsters. [potion of mutation]
   801 | D:2      | Gained mutation: Your mind is acute. (Int +2) [potion of
                  | mutation]
   823 | D:2      | Found a white marble altar of Elyvilon.
   826 | D:2      | Found a shadowy altar of Dithmenos.
   826 | D:2      | Found a shimmering altar of Xom.
   845 | D:2      | Reached skill level 4 in Maces & Flails
   932 | D:2      | Reached XP level 4. HP: 28/28 MP: 4/4
  1614 | D:3      | Reached skill level 5 in Maces & Flails
  1614 | D:3      | Reached XP level 5. HP: 30/32 MP: 5/5
  1666 | D:3      | Found a sacrificial altar of Ru.
  2433 | D:4      | Reached skill level 6 in Maces & Flails
  2504 | D:4      | Reached XP level 6. HP: 35/37 MP: 4/6
  2915 | D:5      | Entered Level 5 of the Dungeon
  2956 | D:5      | Found a staircase to the Ecumenical Temple.
  2965 | Temple   | Entered the Ecumenical Temple
  2987 | Temple   | Became a worshipper of Trog the Wrathful
  3030 | D:5      | Found a basalt altar of Yredelemnul.
  3135 | D:5      | Reached skill level 7 in Maces & Flails
  3368 | D:5      | Reached XP level 7. HP: 41/41 MP: 7/7
  3753 | D:6      | Found a stormy altar of Qazlal.
  3830 | D:6      | Found an opulent altar of Gozag.
  3864 | D:6      | Reached skill level 8 in Maces & Flails
  3902 | D:6      | Found Gozag's Platinum Reserve.
  4473 | D:7      | Reached skill level 9 in Maces & Flails
  4473 | D:7      | Reached XP level 8. HP: 34/46 MP: 5/8
  4534 | D:7      | Found a flagged portal.
  4543 | Bailey   | Entered a bailey
  4569 | Bailey   | Reached * piety under Trog
  4654 | Bailey   | Reached skill level 10 in Maces & Flails
  4775 | Bailey   | Reached ** piety under Trog
  4866 | Bailey   | Reached skill level 11 in Maces & Flails
  4884 | Bailey   | Reached XP level 9. HP: 44/51 MP: 9/9
  4915 | Bailey   | Noticed an orc knight
  4915 | Bailey   | Noticed an orc warlord
  4916 | Bailey   | Noticed an orc knight
  4943 | Bailey   | Killed an orc knight
  4943 | Bailey   | Reached skill level 12 in Maces & Flails
  4974 | Bailey   | Demolished by an orc warlord

Levels and vault maps discovered:
D:1:      co_arrival_two_rings, layout_basic, minmay_misc_feat_square,
          minmay_tiny_reverse_x
D:2:      layout_basic, chequers_temple_overflow_statue_of_worship, first_ration
D:3:      layout_basic, nicolae_ru_awakened_eye, minmay_shallow_snake_nest
D:4:      layout_basic
D:5:      layout_loops_corners, nicolae_overflow_crystal_walls,
          minmay_temple_entry_ruins
D:6:      layout_rooms, overflow_temple_1_default,
          nicolae_gozag_zags_fifth_avenue, serial_rivers,
          chequers_serial_rivers_small_a, chequers_serial_rivers_micro_b,
          chequers_serial_rivers_room_b, chequers_serial_rivers_small_a,
          chequers_serial_rivers_large_b
D:7:      black_bear_nest_1, layout_cave_pods, tso_metal_star,
          marbit_many_paths, serial_bayou, serial_bayou_lagoon_a,
          serial_bayou_pond_b, serial_bayou_pond_a, serial_bayou_crossing,
          enter_bailey_2
Temple:   jpeg_temple_clearing
Bailey:   bailey_axe_minmay_hex_keep, bailey

Skill      XL: |  1  2  3  4  5  6  7  8  9 |
---------------+----------------------------+-----
Maces & Flails | 3 4 5 6 7 9 11 12 | 12.4
Fighting       | |  3.2
Armour         | |  3.2
Shields        | |  3.2

Action                   |  1- 3 |  4- 6 |  7- 9 || total
-------------------------+-------+-------+-------++-------
Melee: Flail             |   145 |   220 |   368 ||   733
Invok: Berserk           |       |       |     1 ||     1
       Trog's Hand       |       |       |     1 ||     1
  Use: Potion            |     4 |     1 |     3 ||     8
       Scroll            |     2 |     4 |     5 ||    11
  Eat: Chunk             |       |     5 |     6 ||    11
       Ration            |       |     1 |       ||     1
Armor: Scale mail        |   107 |   108 |       ||   215
       Chain mail        |       |     2 |    55 ||    57
       Plate armour      |       |       |   245 ||   245
Dodge: Dodged            |    59 |    65 |    58 ||   182
Block: Shield            |    88 |   120 |   241 ||   449
